 Dungeon Crawl Stone Soup version 0.20.0-8-g6b59dc7 (webtiles) character file.

89 Chiseanne the Skirmisher (level 4, -12/52 HPs)
             Began as a Demonspawn Wanderer on May 31, 2017.
             Killed by divine providence
             ... invoked by an orc priest
              (15 damage)
             ... on level 3 of the Dungeon.
             The game lasted 00:02:58 (1912 turns).

Chiseanne the Skirmisher (Demonspawn Wanderer)      Turns: 1912, Time: 00:02:59

Health: -12/52     AC: 22    Str:  8    XL:     4   Next: 31%
Magic:  4/4        EV:  2    Int: 14    God:
Gold:   88         SH:  0    Dex: 17    Spells: 3/3 levels left

rFire    . . .     SeeInvis .   a - +3 spear
rCold    . . .     Gourm    .   (no shield)
rNeg     + + +     Faith    .   (armour currently unavailable)
rPois    +         Spirit   .   (helmet currently unavailable)
rElec    .         Reflect  .   (cloak currently unavailable)
rCorr    .         Harm     .   (gloves currently unavailable)
MR       .....     NoTele   +   (boots currently unavailable)
Stlth    ++........             (no amulet)
Regen    0.2/turn               (no ring)
MPRegen  0.1/turn               (no ring)

@: tree-form
A: no striking features
a: no special abilities


You were on level 3 of the Dungeon.
You were not hungry.
You were a tree.
You visited 1 branch of the dungeon, and saw 3 of its levels.

You collected 88 gold pieces.

Inventory:

Hand Weapons
 a - a +3 spear (weapon)
Missiles
 d - 18 sling bullets
 e - 78 stones (quivered)
 m - a throwing net
Armour
 g - a +0 pair of boots (melded)
 o - a +2 scale mail of fire resistance (melded)
Jewellery
 h - a +6 ring of intelligence {unknown}
Scrolls
 b - 3 scrolls of teleportation
 i - a scroll of blinking {unknown}
 p - a scroll of enchant armour {unknown}
 r - 3 scrolls of identify {unknown}
Potions
 c - a potion of lignification
 j - a potion of agility {unknown}
 k - 2 potions of mutation {unknown}
 n - a potion of haste {unknown}
Comestibles
 f - a bread ration
 l - a royal jelly


   Skills:
 * Level 3.2 Fighting
 - Level 2.6 Polearms
 * Level 1.4 Armour
 * Level 3.0 Dodging
 - Level 1.0 Stealth
   Level 1.7 Shields


You had 3 spell levels left.
You didn't know any spells.

Dungeon Overview and Level Annotations

Branches:
Dungeon (3/15)

Altars:


Innate Abilities, Weirdness & Mutations

((You are partially covered in thin metallic scales. (AC +2)))


Message History

You hit the orc priest.
The orc priest is severely wounded.
You hit the orc priest but do no damage.
The orc priest is severely wounded.
The orc priest begins to cast a cantrip, but forgets the words!
You completely miss the orc priest.
The orc priest is severely wounded.
The giant cockroach waves its antennae.
The orc priest hits you but does no damage.
You closely miss the orc priest.
The orc priest is severely wounded.
The orc priest begins to cast a cantrip, but forgets the words!
You barely miss the orc priest.
The orc priest is severely wounded.
The orc priest hits you but does no damage.
You barely miss the orc priest.
The orc priest is severely wounded.
The orc priest calls down the wrath of Beogh upon you.
Beogh smites you!
You die...

#.## #..# .#.. #..#
..... .<# #... ..# #
#.####.# . #.##...##.#
...
##.#.....#.####.....
##......<...)♣os.....
##...........####.....
#...............(..<..
##....>....###......#.
##........# .o.....
##.#.....# .o.....
####...... .#.....
######.####.o.. .#
#o.o


You could see an orc priest and a giant cockroach.

Vanquished Creatures
  2 adders (D:2)
  4 worms
  4 dart slugs
  A leopard gecko (D:1)
  4 orcs (D:3)
  A giant cockroach (D:1)
  8 goblins
  5 hobgoblins
  2 jackals (D:2)
  A quokka (D:2)
  6 bats
  3 frilled lizards
  4 kobolds
  3 rats
48 creatures vanquished.

Notes
Turn   | Place    | Note
-------+----------+-------------------------------------------
     0 | D:1      | Chiseanne the Demonspawn Wanderer began the quest for the Orb.
     0 | D:1      | Chiseanne set off with: a +2 spear, a scroll of teleportation, a potion of lignification, a +0 robe, a bread ration
     0 | D:1      | Reached XP level 1. HP: 16/16 MP: 1/1
   235 | D:1      | Gained mutation: You are partially covered in thin metallic scales. (AC +2) [demonic ancestry]
   235 | D:1      | Reached XP level 2. HP: 22/23 MP: 2/2
   665 | D:1      | Reached XP level 3. HP: 28/28 MP: 3/3
  1138 | D:2      | Reached skill level 1 in Armour
  1459 | D:2      | Reached XP level 4. HP: 35/35 MP: 4/4
  1905 | D:3      | HP: 2/52 [orc priest/flail (2)]
  1912 | D:3      | Killed from afar by an orc priest

Skill      XL: |  1  2  3  4 |
---------------+-------------+-----
Dodging        | 2 3 |  3.0
Armour         | 1 |  1.4
Fighting       | 3 |  3.2
Polearms       | |  2.6
Stealth        | |  1.0
Shields        | |  1.7

Action                   |  1- 3 |  4- 6 || total
-------------------------+-------+-------++-------
Melee: Spear             |   144 |    69 ||   213
  Use: Scroll            |     1 |       ||     1
       Potion            |       |     1 ||     1
 Stab: Sleeping          |     2 |       ||     2
  Eat: Chunk             |     2 |     1 ||     3
Armor: Robe              |     2 |       ||     2
       Ring mail         |    25 |       ||    25
       Scale mail        |    13 |    20 ||    33
       Skin              |       |     7 ||     7
Dodge: Dodged            |    45 |    14 ||    59
